 Dungeon Crawl Stone Soup version 0.30.1-4-g462c640d31 (webtiles) character file.

Game seed: 2264761337662264346

15083 jurchenman the Protected (level 11, -13/99 (101) HPs)
             Began as a Minotaur Fighter on Aug 31, 2023.
             Was a Believer of Makhleb.
             Mangled by a two-headed ogre
             ... wielding a +0 giant club
              (20 damage)
             ... on level 11 of the Dungeon on Sept 1, 2023.
             The game lasted 00:29:13 (10899 turns).

jurchenman the Protected (Minotaur Fighter)        Turns: 10899, Time: 00:29:15

HP:   -13/99 (101)  AC: 16    Str: 22    XL:     11   Next: 97%
MP:   14/14         EV:  9    Int:  5    God:    Makhleb [**....]
Gold: 166           SH: 18    Dex: 14    Spells: 10/10 levels left

rFire   + . .        V - +12 war axe of Qidapill {elec, rElec Will- Str-5 Dex+6}
rCold   . . .        E - +2 kite shield {AC+3}
rNeg    . . .        q - +0 chain mail
rPois   .            (helmet restricted)
rElec   +            (no cloak)
rCorr   +            c - +0 pair of gloves
SInv    .            (no boots)
Will    .....        b - amulet of reflection Stlth
                     f - ring "Apenn" {rElec rF+ Str+2}
HPRegen 0.36/turn    i - ring of resist corrosion
MPRegen 0.14/turn

%: reflection
@: about to teleport, spiked, hasted, lightly drained, very quick
A: horns 2, retaliatory headbutt, clumsy 1
a: Renounce Religion, Minor Destruction


You were on level 11 of the Dungeon.
You worshipped Makhleb.
Makhleb was pleased with you.
You visited 2 branches of the dungeon, and saw 14 of its levels.

You collected 614 gold pieces.
You spent 448 gold pieces at shops.

Inventory:

Hand Weapons
 a - a +1 war axe
 D - a +2 war axe of freezing
 G - a +0 morningstar
 H - a +4 hand axe
 I - a +2 flail of holy wrath
 J - a +2 whip of flaming
 M - a +4 battleaxe
 S - a +2 hand axe of electrocution
 V - the +12 war axe of Qidapill (weapon) {elec, rElec Will- Str-5 Dex+6}
   (You bought it in a shop on level 9 of the Dungeon)

   Str:       It affects your strength (-5).
   Dex:       It affects your dexterity (+6).
   rElec:     It insulates you from electricity.
   Will:      It decreases your willpower.
Missiles
 e - 94 stones
 m - 2 javelins (quivered)
 r - 4 throwing nets
 t - 3 boomerangs
 u - 17 poisoned darts
Armour
 c - a +0 pair of gloves (worn)
 q - a +0 chain mail (worn)
 E - a +2 kite shield of protection (worn)
Jewellery
 b - an amulet of reflection (around neck)
 f - the ring "Apenn" (left hand) {rElec rF+ Str+2}
   (You took it off a kobold demonologist on level 7 of the Dungeon)

   [ring of protection from fire]

   Str:       It affects your strength (+2).
   rF:        It protects you from fire.
   rElec:     It insulates you from electricity.
 h - a ring of positive energy
 i - a ring of resist corrosion (right hand)
 p - a ring of protection from cold
 s - a ring of flight
 O - the ring "Mud Jir" {Ice rElec Str-2 Dex+7 Stlth+}
   (You found it on level 7 of the Dungeon)

   [ring of ice]

   It enhances your ice magic.
   Str:       It affects your strength (-2).
   Dex:       It affects your dexterity (+7).
   rF:        It makes you vulnerable to fire.
   rC:        It protects you from cold.
   rElec:     It insulates you from electricity.
   Stlth:     It makes you more stealthy.
 P - a ring of fire
 Q - a ring of protection from cold
 W - a ring of protection from fire
Wands
 y - a wand of paralysis (8)
 B - a wand of acid (9)
 C - a wand of roots (6)
 N - a wand of digging (8)
 U - a wand of flame (13)
Scrolls
 A - 3 scrolls of teleportation
 F - 4 scrolls of magic mapping
 K - 2 scrolls of amnesia
 L - a scroll of fog
 R - a scroll of poison
 X - a scroll of identify
Potions
 d - 2 potions of invisibility {unknown}
 g - a potion of brilliance {unknown}
 j - 3 potions of attraction {unknown}
 k - 2 potions of curing
 l - a potion of cancellation {unknown}
 n - a potion of lignification {unknown}
 o - a potion of berserk rage {unknown}
 v - 3 potions of resistance {unknown}
 w - a potion of haste
 x - 4 potions of flight {unknown}
 z - a potion of degeneration {unknown}
 T - 2 potions of heal wounds


   Skills:
 + Level 10.6 Fighting
 + Level 10.3 Axes
 + Level 8.4 Throwing
 + Level 10.8 Armour
 + Level 2.4 Dodging
 - Level 10.1 Shields
 + Level 5.8 Invocations


You had 10 spell levels left.
You didn't know any spells.
Your spell library contained the following spells:

 Spells                   Type           Power      Damage    Failure   Level
 Mephitic Cloud           Conj/Pois/Air  0%         N/A       100%        3
 Animate Dead             Necr           0%         N/A       100%        4
 Borgnjor's Vile Clutch   Necr/Erth      0%         N/A       100%        5
 Fireball                 Conj/Fire      0%         3d3       100%        5
 Freezing Cloud           Conj/Ice/Air   0%         6-21      100%        5
 Death Channel            Necr           0%         N/A       100%        6
 Simulacrum               Ice/Necr       0%         N/A       100%        6
 Ozocubu's Refrigeration  Ice            0%         4d7       100%        7
 Polar Vortex             Ice            0%         N/A       100%        9


Dungeon Overview and Level Annotations

Branches:
Dungeon (13/15)            Temple (1/1) D:7
   Lair: D:8-11         Orc: D:9-12      Vaults: D:13-14

Altars:
Ashenzari
Cheibriados
Dithmenos
Elyvilon
Fedhas
Gozag
Hepliaklqana
Kikubaaqudgha
Makhleb
Nemelex Xobeh
Okawaru
Qazlal
Ru
Sif Muna
Trog
Uskayaw
Vehumet
Wu Jian
Xom
Yredelemnul
Zin
The Shining One

Shops:
D:6 *   D:9 (

Annotations:
D:10 3 runed translucent doors, riellis1's ghost, journeyman FoFi
D:11 Nergalle


Innate Abilities, Weirdness & Mutations

You have a pair of horns on your head.
You reflexively headbutt those who attack you in melee.
You are clumsy. (Dex -2)


Message History

Orcish apparitions take form around you.
A two-headed ogre comes into view.
It is wielding a +0 giant spiked club and a +0 giant club.
You slash the two-headed ogre! You headbutt the two-headed ogre!
The two-headed ogre is severely wounded.
You hit the spectral orc knight but do no damage.
You slash the spectral orc!
You destroy the spectral orc!
The spectral orc disappears in a puff of smoke!
The two-headed ogre hits you with a +0 giant club!
You block the two-headed ogre's attack.
You closely miss the two-headed ogre.
The two-headed ogre is severely wounded.
You slash the spectral orc knight!
You block the spectral orc warrior's attack.
You block the spectral orc knight's attack.
Unknown command.
You slash the two-headed ogre!
You headbutt the two-headed ogre, but do no damage.
The two-headed ogre is almost dead.
You slash the spectral orc knight!
You block the spectral orc knight's attack.
The spectral orc warrior hits you from afar with a +0 glaive.
The two-headed ogre hits you with a +0 giant club!!
* * * LOW HITPOINT WARNING * * *
You block the two-headed ogre's attack.
As you read the scroll of teleportation, it crumbles to dust.
You feel strangely unstable. You block the wraith's attack.
You feel better.
You block the spectral orc warrior's attack.
The spectral orc knight hits you with a +0 long sword!
* * * LOW HITPOINT WARNING * * *
You feel drained.
* * * LOW HITPOINT WARNING * * *
You feel better. You block the wraith's attack. The troll closely misses you.
You block the troll's attack. The troll claws you!
* * * LOW HITPOINT WARNING * * *
The two-headed ogre hits you with a +0 giant club!
* * * LOW HITPOINT WARNING * * *
The two-headed ogre hits you with a +0 giant spiked club!!
You die...

.#.### . .....
# (. #...# .#
.. #.#.##.#
#O###......#
.##..o.......#
.....#OT.....#
#....W@.....#
#.#..Z..Z...#
......
#...........#
......
.............#
....#
#.#########..#
.... .
..........#
...
..........# .#
########..# .#
#..#


You could see Nergalle, 2 two-headed ogres, a spectral orc warrior (summoned), a
spectral orc knight (summoned), a troll and a wraith.

Vanquished Creatures
  Harold (D:9)
  2 two-headed ogres
  2 deep elf pyromancers
  A manticore (D:11)
  4 cyclopes
  2 ugly things (D:12)
  A gargoyle (D:11)
  4 kobold demonologists
  3 trolls
  A wraith (D:7)
  A shadow (D:10)
  17 yaks
  A wyvern (D:7)
  A steam dragon (D:8)
  An acid dragon (D:7)
  Duvessa (D:4)
  4 water moccasins
  A sky beast (D:7)
  4 ice beasts
  4 orc warriors
  An ogre (D:5)
  2 centaurs
  A phantom (D:5)
  A kobold brigand (D:9)
  5 bullfrogs
  4 scorpions
  14 wights
  Dowan (D:4)
  11 killer bees
  4 howler monkeys
  2 hounds
  2 jellies
  A sleepcap (D:7)
  7 orc priests
  2 gnoll boudas (D:7)
  6 iguanas
  10 orc wizards
  Terence (D:3)
  7 gnolls
  11 adders
  5 white imps
  An ufetubus (D:4)
  3 worms
  A dart slug (D:4)
  29 orcs
  6 ball pythons
  4 endoplasms
  2 giant cockroaches
  7 hobgoblins
  3 jackals (D:4)
  A quokka (D:5)
  5 bats
  A frilled lizard (D:3)
  6 goblins
  4 kobolds
  4 rats
231 creatures vanquished.

Vanquished Creatures (others)
  A wizard (D:10)
1 creature vanquished.

Grand Total: 232 creatures vanquished

Notes
Turn   | Place    | Note
-------+----------+-------------------------------------------
     0 | D:1      | jurchenman the Minotaur Fighter began the quest for the
                  | Orb.
     0 | D:1      | Reached XP level 1. HP: 19/19 MP: 0/0
   365 | D:1      | Reached XP level 2. HP: 17/27 MP: 1/1
   639 | D:1      | Found Owiset's Armour Shoppe.
   745 | D:1      | Found a faded altar of an unknown god.
   999 | D:2      | Reached skill level 1 in Throwing
   999 | D:2      | Reached XP level 3. HP: 33/33 MP: 2/2
  1004 | D:2      | Identified the +1 robe of the Catfish {Drain rN+ Int+4}
  1295 | D:2      | Reached XP level 4. HP: 21/40 MP: 3/3
  2154 | D:3      | Noticed Terence
  2161 | D:3      | Killed Terence
  2610 | D:4      | Noticed a bullfrog
  2620 | D:4      | Killed a bullfrog
  2621 | D:4      | Reached XP level 5. HP: 32/47 MP: 4/4
  2888 | D:4      | Paralysed by a goblin for 5 turns
  2925 | D:4      | Reached XP level 6. HP: 55/55 MP: 5/5
  2963 | D:4      | Noticed Duvessa
  2966 | D:4      | Noticed Dowan
  2991 | D:4      | Killed Duvessa
  2992 | D:4      | Reached skill level 5 in Fighting
  2992 | D:4      | Reached skill level 5 in Armour
  2992 | D:4      | Reached skill level 5 in Shields
  2997 | D:4      | Killed Dowan
  3579 | D:5      | Entered Level 5 of the Dungeon
  3626 | D:5      | Reached XP level 7. HP: 32/61 MP: 6/6
  3858 | D:5      | Reached skill level 5 in Axes
  3937 | D:5      | Found a white marble altar of Elyvilon.
  4478 | D:6      | Reached XP level 8. HP: 64/70 MP: 7/7
  4485 | D:6      | Reached skill level 1 in Dodging
  4732 | D:6      | Found Ea-nāṣir's Fine Metal Goods.
  4737 | D:6      | Bought a shiny kite shield for 202 gold pieces
  5692 | D:7      | Reached skill level 5 in Throwing
  5696 | D:7      | Reached XP level 9. HP: 74/79 MP: 8/8
  5714 | D:7      | Noticed a two-headed ogre
  5723 | D:7      | Killed a two-headed ogre
  6064 | D:7      | Found a staircase to the Ecumenical Temple.
  6094 | Temple   | Entered the Ecumenical Temple
  6101 | Temple   | Became a worshipper of Makhleb the Destroyer
  6329 | D:7      | Reached skill level 1 in Invocations
  6621 | D:7      | Reached XP level 10. HP: 84/90 MP: 10/10
  6683 | D:7      | Reached * piety under Makhleb
  6739 | D:7      | Identified the ring "Apenn" {rElec rF+ Str+2}
  6739 | D:7      | Noticed a cyclops
  6747 | D:7      | Killed a cyclops
  6750 | D:7      | Noticed a cyclops
  6751 | D:7      | Noticed a deep elf pyromancer
  6765 | D:7      | Killed a cyclops
  7128 | D:7      | Killed a deep elf pyromancer
  7267 | D:7      | Got the Information on Striking
  7268 | D:7      | Identified the ring "Mud Jir" {Ice rElec Str-2 Dex+7
                  | Stlth+}
  7270 | D:7      | Identified the staff of poison "Molag" {rPois rC+ SInv
                  | Stlth-}
  7274 | D:7      | Identified the staff of air "Huidesouwe" {rElec rC+ rCorr
                  | Stlth+}
  8265 | D:8      | Found a hide-covered altar of Uskayaw.
  8348 | D:9      | Reached XP level 11. HP: 72/97 MP: 13/13
  8520 | D:9      | Found Eqi Koda's Antique Weapon Shop.
  8759 | D:9      | Reached ** piety under Makhleb
  8795 | D:9      | Noticed Harold
  8805 | D:9      | Killed Harold
  8806 | D:9      | Reached skill level 10 in Armour
  9262 | D:10     | Entered Level 10 of the Dungeon
  9684 | D:10     | Found an ancient bone altar of Kikubaaqudgha.
  9715 | D:10     | Found a bloodstained altar of Trog.
  9717 | D:10     | Noticed a wizard
  9722 | D:10     | Killed a wizard
  9803 | D:10     | Gained mutation: You are clumsy. (Dex -2) [a neqoxec]
  9806 | D:10     | Lost intelligence.
 10141 | D:9      | Bought a smouldering war axe for 246 gold pieces
 10141 | D:9      | Identified the +12 war axe of Qidapill {elec, rElec Will-
                  | Str-5 Dex+6} (You bought it in a shop on level 9 of the
                  | Dungeon)
 10274 | D:10     | Reached skill level 10 in Fighting
 10294 | D:10     | Reached skill level 5 in Invocations
 10402 | D:10     | Found a runed translucent gate.
 10402 | D:10     | Found a runed translucent gate.
 10402 | D:10     | Found an opulent altar of Gozag.
 10405 | D:10     | Found a runed translucent gate.
 10405 | D:10     | Noticed a centaur warrior
 10405 | D:10     | Noticed riellis1's ghost (journeyman FoFi)
 10411 | D:10     | Noticed a two-headed ogre
 10414 | D:10     | Killed a two-headed ogre
 10559 | D:11     | You fall into a shaft and drop 2 floors!
 10594 | D:12     | Noticed a brown ugly thing
 10594 | D:12     | Noticed a white ugly thing
 10600 | D:12     | Killed a cyan ugly thing
 10601 | D:12     | Reached skill level 10 in Axes
 10601 | D:12     | Reached skill level 10 in Shields
 10604 | D:12     | Killed a cyan ugly thing
 10701 | D:12     | Noticed a deep elf pyromancer
 10706 | D:12     | Killed a deep elf pyromancer
 10885 | D:11     | Noticed a two-headed ogre
 10890 | D:11     | Noticed Nergalle
 10892 | D:11     | Noticed a two-headed ogre
 10893 | D:11     | Noticed a two-headed ogre
 10899 | D:11     | Mangled by a two-headed ogre

Illustrated notes

Levels and vault maps discovered:
D:1:      ebering_hopf_link, layout_loops_corners, serial_shops, shop,
          shapermc_ecumenical_altar_mp_vishouse
D:2:      layout_loops_ring, serial_bayou_crossing
D:3:      layout_loops_cross, minmay_unequal, uniq_terence
D:4:      layout_basic, uniq_duvessa
D:5:      layout_basic, elyvilon_altar_3
D:6:      layout_gridville, nicolae_ea-nasir_strikes_again
D:7:      minmay_the_grid_triangle_9x9_rhombus_full
          [minmay_the_grid_triangle_9x9_skeleton,
          minmay_the_grid_triangle_9x9_sprig,
          minmay_the_grid_triangle_9x9_corrupted_corridor,
          minmay_the_grid_triangle_9x9_odd_lines,
          minmay_the_grid_triangle_9x9_impossible_snake,
          minmay_the_grid_triangle_9x9_alien,
          minmay_the_grid_triangle_9x9_flanged_cone,
          minmay_the_grid_triangle_9x9_prize_schism], layout_cave_pools,
          minmay_temple_entry_mist
D:8:      layout_loops_ring, kennysheep_little_box, nicolae_underground_beach
D:9:      layout_basic, serial_shops, nicolae_shop_window_shopping, uniq_harold
D:10:     layout_loops_corners, trog_wizard, overflow_temple_1_default,
          ebering_ghost_gozag
D:11:     layout_long_grid, david_lair_shrubbed, orc_0_dummy,
          minmay_fractal_squares_5, uniq_nergalle
D:12:     layout_roguey, glass_columns_b, nicolae_sextant,
          nicolae_uskayaw_dance_hall
D:13:     layout_basic, gammafunk_ghost_hydra_chop
Temple:   nicolae_temple_no_exploring_needed

Skill      XL: |  1  2  3  4  5  6  7  8  9 10 11 |
---------------+----------------------------------+-----
Fighting       | 4 5 6 7 8 9 10 | 10.6
Throwing       | 1 2 3 5 6 7 8 |  8.4
Armour         | 4 5 6 7 8 9 10 | 10.8
Shields        | 4 5 6 8 9 10 | 10.1
Axes           | 3 4 5 6 8 9 10 | 10.3
Dodging        | 1 2 |  2.4
Invocations    | 2 4 5 |  5.8

Action                     |  1- 3 |  4- 6 |  7- 9 | 10-12 || total
---------------------------+-------+-------+-------+-------++-------
  Melee: War axe           |    45 |   116 |   188 |   218 ||   567
         Headbutt          |     9 |    22 |    33 |    43 ||   107
  Throw: Stone             |       |    11 |       |    12 ||    23
         Javelin           |       |       |     3 |    19 ||    22
         Dart              |       |       |     2 |       ||     2
    Use: Scroll            |     2 |     7 |     5 |     4 ||    18
         Potion            |       |     1 |     2 |     9 ||    12
 Armour: Scale mail        |    23 |     9 |       |       ||    32
         Chain mail        |       |    46 |   134 |    84 ||   264
  Dodge: Dodged            |    16 |    53 |    97 |    58 ||   224
  Block: Buckler           |    22 |    23 |    22 |       ||    67
         Kite shield       |       |       |   102 |   164 ||   266
         Reflection        |       |       |       |     2 ||     2
